AoeStats
← Dartagnan

Arabia

509820772Analyzed
1v1 RM · 3d ago on Sep 28, 2026· 26m 43s· 2 players
Game mode
Random Map
Map size
Tiny (2 player)
Population
200
Speed
Normal
Resources
Standard
Victory
Conquest
Starting age
Dark Age
Ending age
Imperial Age
RankedLock teamsTeams togetherTeam positionsShared explorationLock speedFull tech treeHidden civsTurbo modeCheats
Victory
Defeat
🇦🇺 Britons · Australia
750
+17
🇫🇷 Vietnamese · France
772
-17
Tinkerbells_t.t
0:35 Loom
11:42 Feudal Age
12:17 Horse Collar
12:29 Double-Bit Axe
22:34 Wheelbarrow
21:44 Town Watch
24:23 Castle Age
23:00 Wheelbarrow
23:45 Arson
Dartagnan
2:04 Loom
10:16 Feudal Age
10:52 Double-Bit Axe
21:11 Castle Age
19:38 Town Watch
20:45 Fletching
23:04 Squires
22:51 Arson
23:16 Scale Mail Armor
Connection lost

Rejoining the realm…

Still unreachable

The connection could not be restored.

Session expired

The server has moved on; the page needs a fresh start.